 Dungeon Crawl Stone Soup version 0.21-a0-163-g3aa3f5d (webtiles) character file.

574 tehllama the Digger (level 7, -3/36 HPs)
             Began as a Gargoyle Earth Elementalist on Aug 4, 2017.
             Killed by divine providence
             ... invoked by an orc priest
              (12 damage)
             ... on level 4 of the Dungeon.
             The game lasted 00:10:31 (4001 turns).

tehllama the Digger (Gargoyle Earth Elementalist)   Turns: 4001, Time: 00:10:31

Health: -3/36      AC:  7    Str: 12    XL:     7   Next: 34%
Magic:  10/13      EV: 12    Int: 17    God:
Gold:   136        SH:  0    Dex: 10    Spells: 6/15 levels left

rFire    + . .     SeeInvis .   v - +2 mace (drain)
rCold    x . .     Gourm    .   (no shield)
rNeg     + . .     Faith    .   c - +0 robe
rPois    ∞         Spirit   .   (no helmet)
rElec    +         Reflect  .   (no cloak)
rCorr    .         Harm     .   (no gloves)
MR       .....                  n - +0 pair of boots
Stlth    ++........             (no amulet)
HPRegen  0.12/turn              q - ring of fire
MPRegen  0.13/turn              (no ring)

@: no status effects
A: negative energy resistance 1, electricity resistance, unbreathing,
petrification resistance, rot immunity, AC +4
a: no special abilities


You were on level 4 of the Dungeon.
You were not hungry.

You visited 1 branch of the dungeon, and saw 4 of its levels.
You also visited: Sewer.

You collected 136 gold pieces.

Inventory:

Hand Weapons
 b - a +0 flail of holy wrath
 t - a +1 whip of flaming
 v - a +2 mace of draining (weapon)
Armour
 c - a +0 robe (worn)
 n - a +0 pair of boots (worn)
Jewellery
 q - a ring of fire (left hand)
Scrolls
 a - a scroll of recharging {unknown}
 f - a scroll of enchant weapon {unknown}
 i - 2 scrolls of noise {unknown}
 p - 3 scrolls of identify {unknown}
 r - a scroll of amnesia {unknown}
 u - a scroll of magic mapping {unknown}
 x - a scroll of random uselessness {unknown}
 y - a scroll of fear {unknown}
Potions
 g - 3 potions of curing {unknown}
 h - a potion of berserk rage {unknown}
 j - 2 potions of heal wounds {unknown}
 k - a potion of cancellation {unknown}
 l - 4 potions of flight {unknown}
 s - a potion of degeneration {unknown}
Books
 e - a book of Geomancy

   Spells                             Type                      Level
   a - Sandblast                      Earth                        1
   b - Passwall                       Transmutation/Earth          2
   c - Stone Arrow                    Conjuration/Earth            3
   d - Petrify                        Transmutation/Earth          4
   e - Lee's Rapid Deconstruction     Earth                        5
Comestibles
 d - a bread ration
 m - 5 meat rations
 o - 5 fruits
 w - a royal jelly


   Skills:
 - Level 1.5 Dodging
 - Level 2.1 Stealth
 + Level 4.5 Spellcasting
 + Level 4.1 Conjurations
   Level 0.7 Transmutations
 + Level 6.6 Earth Magic


You had 6 spell levels left.
You knew the following spells:

 Your Spells              Type           Power        Failure   Level  Hunger
a - Sandblast             Erth           ####..       1%          1    None
b - Stone Arrow           Conj/Erth      ###...       4%          3    ###....
c - Lee's Rapid Deconstr  Erth           ####......   26%         5    ######.


Dungeon Overview and Level Annotations

Branches:
Dungeon (4/15)
 Temple: D:4-7

Altars:
Elyvilon


Innate Abilities, Weirdness & Mutations

You are resistant to torment.
Your stone body is resilient. (AC +4)
You are immune to poison.
You resist negative energy. (rN+)
You are resistant to electric shocks. (rElec)
You can survive without breathing.
You are immune to petrification.
You are immune to rotting.


Message History

Casting: Stone Arrow
Confirm with . or Enter, or press ? or * to list all spells.
Okay, then.
The orc priest calls down the wrath of Beogh upon you.
Pain shoots through your body!
* * * LOW HITPOINT WARNING * * *
The orc wizard gestures wildly while chanting.
The orc wizard seems to speed up.
The orc priest casts a cantrip, but nothing happens.
The orc wizard casts a spell.
The orc wizard blinks!
The orc wizard points at you and mumbles some strange words.
You resist with some effort. The orc priest closely misses you.
There is an open door here.
The orc wizard hits you but does no damage.
The orc priest casts a cantrip, but nothing happens.
The orc wizard closely misses you.
The orc priest calls down the wrath of Beogh upon you.
Beogh smites you!
You die...

#.......#...##.......##...
##.....##...##.......##...
#......+...#........##...
#.....##...#........##...
#.....##...#.............
.[..........##.......#
######.)...##...##.......#
..##... #.....##...##........
.......#########@............
.......##.....##o...........#
..........(...#.............#
..............#.o..##.......#
..............#....##########
..............#.....#
..........o...#o....#
..##...##.....#o....#
####...##..o..'....##


You could see 2 orc priests, an orc wizard and an orc.

Vanquished Creatures
  Eustachio (D:4)
  An ogre (D:4)
  A big kobold (Sewer)
  A hound (D:4)
  An orc priest (D:3)
  An orc wizard (D:4)
  9 adders
  2 river rats (Sewer)
  An ooze (D:2)
  An adder skeleton (D:4)
  A worm (D:2)
  2 leopard geckos (D:2)
  12 orcs
  5 ball pythons (D:3)
  3 giant cockroaches
  11 goblins
  5 hobgoblins
  A jackal (Sewer)
  7 bats
  4 frilled lizards
  12 kobolds
  A quokka zombie (D:4)
  8 rats
91 creatures vanquished.

Notes
Turn   | Place    | Note
-------+----------+-------------------------------------------
     0 | D:1      | tehllama the Gargoyle Earth Elementalist began the quest for the Orb.
     0 | D:1      | Reached XP level 1. HP: 10/10 MP: 3/3
   160 | D:1      | Reached XP level 2. HP: 5/15 MP: 0/5
   476 | D:1      | Reached skill level 4 in Earth Magic
   664 | D:2      | Reached XP level 3. HP: 19/19 MP: 2/7
   669 | D:2      | Learned a level 3 spell: Stone Arrow
  1236 | D:2      | Reached skill level 1 in Conjurations
  1236 | D:2      | Reached XP level 4. HP: 19/24 MP: 6/8
  1849 | D:3      | Reached skill level 5 in Earth Magic
  1849 | D:3      | Reached XP level 5. HP: 28/28 MP: 0/9
  2022 | D:3      | Found a glowing drain.
  2047 | Sewer    | Entered a sewer
  2273 | Sewer    | Noticed a big kobold
  2307 | Sewer    | Killed a big kobold
  2361 | Sewer    | Reached XP level 6. HP: 29/32 MP: 7/11
  2399 | Sewer    | Found a white marble altar of Elyvilon.
  3067 | D:3      | Learned a level 5 spell: Lee's Rapid Deconstruction
  3196 | D:4      | Noticed Eustachio
  3217 | D:4      | Killed Eustachio
  3217 | D:4      | Reached skill level 6 in Earth Magic
  3404 | D:4      | Found a white marble altar of Elyvilon.
  3529 | D:4      | Reached XP level 7. HP: 19/36 MP: 9/13
  4001 | D:4      | Killed from afar by an orc priest

Vault maps used:
D:1:      minmay_arrival_cross
D:2:      kennysheep_generic_room_5
D:3:      portal_sewer_entry_d, minmay_shallow_snake_nest
D:4:      grunt_ministairs_7, elyvilon_altar_4, uniq_eustachio
Sewer:    sewer_kobolds

Skill      XL: |  1  2  3  4  5  6  7 |
---------------+----------------------+-----
Earth Magic    | 4 5 6 |  6.6
Conjurations   | 1 2 3 4 |  4.1
Spellcasting   | 3 4 |  4.5
Dodging        | |  1.5
Stealth        | |  2.1
Transmutations | |  0.7

Action                   |  1- 3 |  4- 6 |  7- 9 || total
-------------------------+-------+-------+-------++-------
Melee: Unarmed           |     6 |       |       ||     6
       Dagger            |     3 |       |       ||     3
       Club              |    19 |       |       ||    19
       Whip              |    31 |   164 |       ||   195
       Quarterstaff      |    12 |       |       ||    12
       Mace              |       |    50 |     8 ||    58
       Flail             |       |       |    14 ||    14
Throw: Stone             |     1 |       |       ||     1
 Cast: Sandblast         |    21 |    36 |     6 ||    63
       Stone Arrow       |       |     5 |     9 ||    14
 Stab: Sleeping          |     1 |     2 |       ||     3
  Eat: Chunk             |     1 |     9 |     2 ||    12
Armor: Robe              |    40 |    99 |    24 ||   163
Dodge: Dodged            |    63 |   165 |    39 ||   267
